PCL
SANTA MONICA BRUINS @ CALGARY COWBOYS
07/21/2030
 
TOP OF THE 1ST
Santa Monica Bruins batting - Pitching for Calgary Cowboys : RHP José Fernández
Pitching: RHP José Fernández
Batting: LHB Michael Myers 0-0: Ball
1-0: Foul Ball, location: 2F
1-1: Swinging Strike
1-2: Ball
2-2: Foul Ball, location: 2F
2-2: Ball
3-2: Base on Balls
Batting: RHB John Nelson 0-0: Grounds into double play, 4-6-3 (Groundball, 4)
Batting: LHB Arthur MacDonald 0-0: Ball
1-0: Called Strike
1-1: Swinging Strike
1-2: Strikes out looking
Top of the 1st over - 0 runs, 0 hits, 0 errors, 0 left on base; Santa Monica 0 - Calgary 0
BOTTOM OF THE 1ST
Calgary Cowboys batting - Pitching for Santa Monica Bruins : RHP Luis De Los Ángeles
Pitching: RHP Luis De Los Ángeles
Batting: RHB Don Hooper 0-0: Ball
1-0: SINGLE (Line Drive, 56)
Batting: RHB César Rodríguez 0-0: Foul Ball, location: 2F
0-1: Swinging Strike
0-2: Foul Ball, location: 2F
0-2: Strikes out swinging
Batting: LHB Edgar López 0-0: Ball
1-0: Foul Ball, location: 2F
1-1: Ball
2-1: SINGLE (Line Drive, 34D)
Don Hooper to second
Batting: SHB Ramiro Medrano 0-0: Called Strike
Don Hooper steals 3rd base
0-1: Called Strike
0-2: Grounds into double play, 6-4-3 (Groundball, 6)
Bottom of the 1st over - 0 runs, 2 hits, 0 errors, 1 left on base; Santa Monica 0 - Calgary 0
TOP OF THE 2ND
Santa Monica Bruins batting - Pitching for Calgary Cowboys : RHP José Fernández
Batting: RHB Luis Martínez 0-0: Called Strike
0-1: Swinging Strike
0-2: Strikes out swinging
Batting: LHB Jorge Souza 0-0: Foul Ball, location: 2F
0-1: SINGLE (Flyball, 8LS)
Batting: RHB Javier González 0-0: Called Strike
0-1: Foul Ball, location: 2F
0-2: Ball
1-2: Ball
2-2: Ball
3-2: Strikes out swinging
Batting: LHB Ramiro Martínez 0-0: Foul Ball, location: 2F
0-1: Foul Ball, location: 2F
0-2: Ball
1-2: Ball
2-2: Ball
3-2: Strikes out swinging
Top of the 2nd over - 0 runs, 1 hit, 0 errors, 1 left on base; Santa Monica 0 - Calgary 0
BOTTOM OF THE 2ND
Calgary Cowboys batting - Pitching for Santa Monica Bruins : RHP Luis De Los Ángeles
Batting: LHB Anacleto Morillo 0-0: Ball
1-0: Ball
2-0: Ground out 6-3 (Groundball, 6)
Batting: RHB Joe Lewis 0-0: Called Strike
0-1: Ball
1-1: Ball
2-1: Foul Ball, location: 2F
2-2: Ball
3-2: Base on Balls
Batting: RHB Alfredo Hernández 0-0: Called Strike
0-1: Fly out, F8 (Flyball, 8LD)
Batting: LHB Miguel Pérez 0-0: Ball
1-0: Foul Ball, location: 2F
1-1: Called Strike
1-2: SINGLE (Groundball, 56D)
Joe Lewis to second
Batting: RHB Ismael Ortíz 0-0: Foul Ball, location: 2F
0-1: Ball
1-1: Foul Ball, location: 2F
1-2: Ball
2-2: Strikes out swinging
Bottom of the 2nd over - 0 runs, 1 hit, 0 errors, 2 left on base; Santa Monica 0 - Calgary 0
TOP OF THE 3RD
Santa Monica Bruins batting - Pitching for Calgary Cowboys : RHP José Fernández
Batting: RHB Victor Andrews 0-0: Foul Ball, location: 2F
0-1: Called Strike
0-2: Foul Ball, location: 2F
0-2: Ball
1-2: Strikes out swinging
Batting: RHB Matt O'Rourke 0-0: Ball
1-0: Ball
2-0: Foul Ball, location: 2F
2-1: Foul Ball, location: 2F
2-2: Strikes out looking
Batting: LHB Michael Myers 0-0: Foul Ball, location: 2F
0-1: Foul Ball, location: 2F
0-2: Foul Ball, location: 2F
0-2: Ball
1-2: Ball
2-2: SINGLE (Groundball, 3D)
Batting: RHB John Nelson 0-0: Called Strike
0-1: Called Strike
0-2: Ball
1-2: Ball
2-2: Ball
3-2: Foul Ball, location: 2F
3-2: Strikes out swinging
Top of the 3rd over - 0 runs, 1 hit, 0 errors, 1 left on base; Santa Monica 0 - Calgary 0
BOTTOM OF THE 3RD
Calgary Cowboys batting - Pitching for Santa Monica Bruins : RHP Luis De Los Ángeles
Batting: RHB Don Hooper 0-0: Foul Ball, location: 2F
0-1: Ball
1-1: Ball
2-1: Called Strike
2-2: Strikes out looking
Batting: RHB César Rodríguez 0-0: DOUBLE (Line Drive, 7D)
Batting: LHB Edgar López 0-0: Called Strike
0-1: Ball
1-1: Ground out 4-3 (Groundball, 4)
César Rodríguez to third
Batting: SHB Ramiro Medrano 0-0: Called Strike
0-1: Foul Ball, location: 2F
0-2: SINGLE (Groundball, 6MD)
César Rodríguez scores
Batting: LHB Anacleto Morillo 0-0: Called Strike
0-1: Called Strike
0-2: Foul Ball, location: 2F
0-2: Strikes out looking
Bottom of the 3rd over - 1 run, 2 hits, 0 errors, 1 left on base; Santa Monica 0 - Calgary 1
TOP OF THE 4TH
Santa Monica Bruins batting - Pitching for Calgary Cowboys : RHP José Fernández
Batting: LHB Arthur MacDonald 0-0: Ball
1-0: Ball
2-0: Ball
3-0: Called Strike
3-1: Foul Ball, location: 2F
3-2: Base on Balls
Batting: RHB Luis Martínez 0-0: Called Strike
0-1: Called Strike
0-2: Foul Ball, location: 2F
0-2: Strikes out swinging
Batting: LHB Jorge Souza 0-0: Ball
Arthur MacDonald steals 2nd base
1-0: Ball
2-0: Foul Ball, location: 2F
2-1: Called Strike
2-2: Ball
3-2: Foul Ball, location: 2F
3-2: Foul Ball, location: 2F
3-2: Strikes out swinging
Batting: RHB Javier González 0-0: Ball
1-0: Swinging Strike
1-1: Ball
2-1: Ball
3-1: Ground out 4-3 (Groundball, 4M)
Top of the 4th over - 0 runs, 0 hits, 0 errors, 1 left on base; Santa Monica 0 - Calgary 1
BOTTOM OF THE 4TH
Calgary Cowboys batting - Pitching for Santa Monica Bruins : RHP Luis De Los Ángeles
Batting: RHB Joe Lewis 0-0: Ball
1-0: Called Strike
1-1: Foul Ball, location: 2F
1-2: Ball
2-2: Ball
3-2: Foul Ball, location: 2F
3-2: Ground out U3 (Groundball, 34S)
Batting: RHB Alfredo Hernández 0-0: Called Strike
0-1: Ball
1-1: Ball
2-1: Foul Ball, location: 2F
2-2: Ball
3-2: Fly out, F9 (Flyball, 89D)
Batting: LHB Miguel Pérez 0-0: Reached on error, E6 (Groundball, 6M)
Batting: RHB Ismael Ortíz 0-0: Called Strike
0-1: Ground out 3-1 (Groundball, 34S)
Bottom of the 4th over - 0 runs, 0 hits, 1 error, 1 left on base; Santa Monica 0 - Calgary 1
TOP OF THE 5TH
Santa Monica Bruins batting - Pitching for Calgary Cowboys : RHP José Fernández
Batting: LHB Ramiro Martínez 0-0: Called Strike
0-1: Ball
1-1: Foul Ball, location: 2F
1-2: Strikes out swinging
Batting: RHB Victor Andrews 0-0: Called Strike
0-1: Foul Ball, location: 2F
0-2: Foul Ball, location: 2F
0-2: Ball
1-2: Ball
2-2: Ball
3-2: Foul Ball, location: 2F
3-2: Foul Ball, location: 2F
3-2: Foul Ball, location: 2F
3-2: Foul Ball, location: 2F
3-2: Ground out 6-3 (Groundball, 6S)
Batting: RHB Matt O'Rourke 0-0: Ball
1-0: Foul Ball, location: 2F
1-1: Ball
2-1: Ball
3-1: Ground out 5-3 (Groundball, 5)
Top of the 5th over - 0 runs, 0 hits, 0 errors, 0 left on base; Santa Monica 0 - Calgary 1
BOTTOM OF THE 5TH
Calgary Cowboys batting - Pitching for Santa Monica Bruins : RHP Luis De Los Ángeles
Batting: RHB Don Hooper 0-0: Called Strike
0-1: Foul Ball, location: 2F
0-2: Strikes out looking
Batting: RHB César Rodríguez 0-0: Ball
1-0: Ball
2-0: Called Strike
2-1: Ball
3-1: Called Strike
3-2: Foul Ball, location: 2F
3-2: Base on Balls
Batting: LHB Edgar López 0-0: Ground out 4-3 (Groundball, 4MS)
César Rodríguez to second
Batting: SHB Ramiro Medrano 0-0: Ball
1-0: Ball
2-0: Called Strike
2-1: Ball
3-1: Ground out 4-3 (Groundball, 4)
Bottom of the 5th over - 0 runs, 0 hits, 0 errors, 1 left on base; Santa Monica 0 - Calgary 1
TOP OF THE 6TH
Santa Monica Bruins batting - Pitching for Calgary Cowboys : RHP José Fernández
Batting: LHB Michael Myers 0-0: Called Strike
0-1: Called Strike
0-2: Strikes out looking
Batting: RHB John Nelson 0-0: Ground out 3-1 (Groundball, 34S)
Batting: LHB Arthur MacDonald 0-0: Called Strike
0-1: Ball
1-1: Ball
2-1: Swinging Strike
2-2: Foul Ball, location: 2F
2-2: Ball
3-2: SINGLE (Line Drive, 4)
Batting: RHB Luis Martínez 0-0: Fielders Choice at 2nd, 6-4 (Groundball, 6)
Top of the 6th over - 0 runs, 1 hit, 0 errors, 1 left on base; Santa Monica 0 - Calgary 1
BOTTOM OF THE 6TH
Calgary Cowboys batting - Pitching for Santa Monica Bruins : RHP Luis De Los Ángeles
Batting: LHB Anacleto Morillo 0-0: Ball
1-0: Ball
2-0: Ball
3-0: Base on Balls
Batting: RHB Joe Lewis 0-0: Ball
1-0: Foul Ball, location: 2F
1-1: Called Strike
1-2: Foul Ball, location: 2F
1-2: SINGLE (Flyball, 9LS)
Anacleto Morillo to second
Runner from 2nd tries for 3rd, SAFE, no throw
Batting: RHB Alfredo Hernández 0-0: SINGLE (Line Drive, 9LS)
Anacleto Morillo scores
Joe Lewis to second
Runner from 2nd tries for 3rd, SAFE, no throw
Batting: LHB Miguel Pérez 0-0: Called Strike
0-1: DOUBLE (Flyball, 89XD)
Joe Lewis scores
Alfredo Hernández to third
Runner from 3rd tries for Home, SAFE, no throw
Pitching: RHP Bartolo Romo
Batting: RHB Ismael Ortíz 0-0: Ball
1-0: Swinging Strike
1-1: Ball
2-1: Foul Ball, location: 2F
2-2: Foul Ball, location: 2F
2-2: Ball
3-2: Foul Ball, location: 2F
3-2: Fly out, F9 (Flyball, 9D)
Runner from 2nd tags up, SAFE at 3rd, no throw
Batting: RHB Don Hooper 0-0: Ball
1-0: Called Strike
1-1: Foul Ball, location: 2F
1-2: Ball
2-2: Strikes out swinging
Batting: RHB César Rodríguez 0-0: Ball
1-0: Fly out, F4 (Line Drive, 34)
Bottom of the 6th over - 3 runs, 3 hits, 0 errors, 1 left on base; Santa Monica 0 - Calgary 4
TOP OF THE 7TH
Santa Monica Bruins batting - Pitching for Calgary Cowboys : RHP José Fernández
Batting: LHB Jorge Souza 0-0: Called Strike
0-1: Ball
1-1: DOUBLE (Groundball, 3L)
Pitching: RHP Mitsunari Jouda
Batting: RHB Javier González 0-0: Called Strike
0-1: Ball
1-1: Called Strike
1-2: Foul Ball, location: 2F
1-2: Fly out, F9 (Flyball, 89S)
Batting: LHB Ramiro Martínez 0-0: Called Strike
0-1: Swinging Strike
0-2: Strikes out swinging
Batting: RHB Victor Andrews 0-0: Ball
1-0: Foul Ball, location: 2F
1-1: Ball
2-1: Ball
3-1: Base on Balls
Batting: RHB Matt O'Rourke 0-0: Called Strike
0-1: Ball
Wild Pitch!
Jorge Souza to third
Victor Andrews to second
1-1: Swinging Strike
1-2: Foul Ball, location: 2F
1-2: Fly out, F9 (Flyball, 89S)
Top of the 7th over - 0 runs, 1 hit, 0 errors, 2 left on base; Santa Monica 0 - Calgary 4
BOTTOM OF THE 7TH
Calgary Cowboys batting - Pitching for Santa Monica Bruins : RHP Bartolo Romo
Batting: LHB Edgar López 0-0: Ground out 6-3 (Groundball, 6MS)
Batting: SHB Ramiro Medrano 0-0: Ball
1-0: Ball
2-0: Ball
3-0: Called Strike
3-1: Base on Balls
Batting: LHB Anacleto Morillo 0-0: Ball
1-0: Fly out, F3 (Line Drive, 34S)
Batting: RHB Joe Lewis 0-0: Ball
1-0: Ball
2-0: Ball
Wild Pitch!
Ramiro Medrano to second
3-0: Base on Balls
Batting: RHB Alfredo Hernández 0-0: Ball
1-0: Ball
2-0: Ball
3-0: Called Strike
3-1: Foul Ball, location: 2F
3-2: Base on Balls
Ramiro Medrano to third
Joe Lewis to second
Batting: LHB Miguel Pérez 0-0: Ball
1-0: Fly out, F7 (Line Drive, 78M)
Bottom of the 7th over - 0 runs, 0 hits, 0 errors, 3 left on base; Santa Monica 0 - Calgary 4
TOP OF THE 8TH
Santa Monica Bruins batting - Pitching for Calgary Cowboys : RHP Mitsunari Jouda
Batting: LHB Michael Myers 0-0: Ball
1-0: Ball
2-0: Foul Ball, location: 2F
2-1: DOUBLE (Line Drive, 9LM)
Batting: RHB John Nelson 0-0: Ground out 6-3 (Groundball, 6)
Batting: LHB Arthur MacDonald 0-0: Called Strike
0-1: Swinging Strike
0-2: Foul Ball, location: 2F
0-2: Foul Ball, location: 2F
0-2: Ball
1-2: Foul Ball, location: 2F
1-2: Foul Ball, location: 2F
1-2: Strikes out looking
Batting: RHB Luis Martínez 0-0: Ball
1-0: Called Strike
1-1: Ball
2-1: Ball
3-1: Foul Ball, location: 2F
3-2: Base on Balls
Pitching: LHP Alfredo Durán
Batting: LHB Jorge Souza 0-0: Fielders Choice at 2nd, 6-4 (Groundball, 6)
Top of the 8th over - 0 runs, 1 hit, 0 errors, 2 left on base; Santa Monica 0 - Calgary 4
BOTTOM OF THE 8TH
Calgary Cowboys batting - Pitching for Santa Monica Bruins : RHP Bartolo Romo
Batting: RHB Ismael Ortíz 0-0: Called Strike
0-1: Ball
1-1: Fly out, F8 (Flyball, 8RS)
Batting: RHB Don Hooper 0-0: Called Strike
0-1: Swinging Strike
0-2: Ball
1-2: Foul Ball, location: 2F
1-2: Ground out 4-3 (Groundball, 4)
Batting: RHB César Rodríguez 0-0: SINGLE (Groundball, 6MD)
Batting: LHB Edgar López 0-0: Ball
César Rodríguez steals 2nd base
1-0: Foul Ball, location: 2F
1-1: Called Strike
1-2: Ball
2-2: Ground out 4-3 (Groundball, 4)
Bottom of the 8th over - 0 runs, 1 hit, 0 errors, 1 left on base; Santa Monica 0 - Calgary 4
TOP OF THE 9TH
Santa Monica Bruins batting - Pitching for Calgary Cowboys : LHP Alfredo Durán
Pitching: RHP Esteban Alfonzo
Batting: RHB Javier González 0-0: Called Strike
0-1: Ball
1-1: Called Strike
1-2: Foul Ball, location: 2F
1-2: Ball
2-2: Fly out, F9 (Flyball, 9)
Batting: LHB Ramiro Martínez 0-0: Foul Ball, location: 2F
0-1: Foul Ball, location: 2F
0-2: Ball
1-2: Foul Ball, location: 2F
1-2: Strikes out looking
Batting: RHB Victor Andrews 0-0: Called Strike
0-1: Ball
1-1: Called Strike
1-2: Fly out, F5 (Line Drive, 5S)
Top of the 9th over - 0 runs, 0 hits, 0 errors, 0 left on base; Santa Monica 0 - Calgary 4
Saturday, April 7th, 2018 - OOTP Baseball 18.8 Build 76